[Event "Spanish Blitz Championship 2024"]
[Site "Mengibar"]
[Date "2024.08.16"]
[Round "11.7"]
[White "Moreno Tejera, Emilio"]
[Black "Tejedor Fuente, Enrique"]
[Result "0-1"]
[ECO "B47"]
[WhiteElo "2422"]
[BlackElo "2387"]
[Annotator "ChessBase"]
[PlyCount "128"]
[EventDate "2024.08.12"]
[EventType "swiss"]
[EventCountry "ESP"]
[SourceTitle "playchess.com"]
[Source "ChessBase"]
[SourceQuality "1"]
[TimeControl "180+2"]

1. e4 c5 2. Nf3 e6 3. d4 cxd4 4. Nxd4 Nc6 5. Nc3 Qc7 6. Ncb5 Qb8 7. Bd3 Nf6 8. Qe2 a6 9. Nxc6 bxc6 10. Nd4 e5 11. Nf3 Be7 12. O-O O-O 13. b3 d6 14. Bb2 Bg4 15. h3 Bh5 16. Qe3 Nd7 17. Be2 Nc5 18. Nd2 Bg6 19. Kh1 Ne6 20. g3 a5 21. f4 f5 22. fxe5 dxe5 23. exf5 Bxf5 24. g4 Bg6 25. Bc4 Qd6 26. Bxe5 Qd7 27. Bg3 Rxf1+ 28. Rxf1 Bf7 29. Ne4 Rf8 30. g5 Nd8 31. Bxf7+ Nxf7 32. Kg2 Qd5 33. c4 Qe6 34. Qe2 Nxg5 35. Rxf8+ Kxf8 36. Qf2+ Nf7 37. Qf3 Kg8 38. h4 h6 39. Bf2 Ne5 40. Qg3 Ng6 41. Qf3 Bxh4 42. Bd4 Be7 43. Kf2 Bh4+ 44. Ke2 Bg5 45. Kd3 Nf4+ 46. Kc2 Qf5 47. Kb2 Be7 48. Bc3 Kh7 49. a3 h5 50. Bd2 Qe5+ 51. Kc2 Ne6 52. Qd3 Kg8 53. Bc3 Qh2+ 54. Kb1 Qg1+ 55. Ka2 Qg2+ 56. Bb2 Bf8 57. Qe3 Qg4 58. Nf2 Qf5 59. Ne4 h4 60. Nf2 Bc5 61. Qh3 Qxh3 62. Nxh3 Kf7 63. Bc1 Kf6 64. Kb2 g5 0-1

[Event "Spanish Blitz Championship 2024"]
[Site "Mengibar"]
[Date "2024.08.16"]
[Round "11.8"]
[White "Ruperez Benito, Antonio"]
[Black "Bressac, Stephane"]
[Result "0-1"]
[ECO "C41"]
[WhiteElo "2333"]
[BlackElo "2253"]
[Annotator "ChessBase"]
[PlyCount "94"]
[EventDate "2024.08.12"]
[EventType "swiss"]
[EventCountry "ESP"]
[SourceTitle "playchess.com"]
[Source "ChessBase"]
[SourceQuality "1"]
[TimeControl "180+2"]

1. e4 d6 2. d4 Nf6 3. Nc3 e5 4. Nf3 Nbd7 5. Bc4 exd4 6. Nxd4 Nb6 7. Be2 Be7 8. O-O O-O 9. a4 a5 10. Re1 c6 11. Bf3 Re8 12. b3 Bf8 13. Bb2 d5 14. exd5 Rxe1+ 15. Qxe1 Nbxd5 16. Nxd5 Nxd5 17. Rd1 Qe7 18. Bxd5 cxd5 19. Qxe7 Bxe7 20. Nb5 Be6 21. Ba3 Bxa3 22. Nxa3 Rc8 23. Rd2 Kf8 24. Nb5 Ke7 25. f3 h5 26. Kf2 g5 27. Ke3 g4 28. f4 Kf6 29. Nd4 h4 30. Kf2 Rc3 31. Ne2 Rc5 32. g3 h3 33. Ke3 Bf5 34. c3 Be4 35. Kd4 Rc8 36. c4 Rd8 37. Ke3 Bf3 38. Nc3 Re8+ 39. Kd4 dxc4 40. Kxc4 Re1 41. Kb5 Rh1 42. Kxa5 Bg2 43. Kb6 Rxh2 44. Ne4+ Kg7 45. Nf2 Bf3 46. a5 Rxf2 47. Rxf2 Bg2 0-1